 Dungeon Sprint DCSS version 0.30-a0-672-gc3a7216ad8 (webtiles) character file.

Game seed: 809744852025403108

695 rocky1 the Digger (level 7, -4/64 (72) HPs)
             Began as a Troll Earth Elementalist on Jan 19, 2023.
             Was a High Priest of Cheibriados.
             Slain by a wight
             ... wielding a +0 great sword
              (19 damage)
             ... in the Dungeon (Sprint VII: "The Pits").
             The game lasted 00:02:59 (584 turns).

rocky1 the Digger (Troll Earth Elementalist)         Turns: 584, Time: 00:03:00

HP:   -4/64 (72)    AC:  4    Str: 29    XL:     7   Next: 37%
MP:   9/12          EV: 10    Int: 25    God:    Cheibriados [*****.]
Gold: 0             SH:  0    Dex: 22    Spells: 13/14 levels left

rFire   . . .      SeeInvis .      - Unarmed
rCold   . . .      Faith    .    (no shield)
rNeg    . . .      Spirit   .    a - +0 robe
rPois   .          Reflect  .    (helmet restricted)
rElec   .          Harm     .    (no cloak)
rCorr   .          Rampage  .    (gloves unavailable)
Will    .....      NoTele   +    (boots unavailable)
Stlth   ++                       (no amulet)
HPRegen 1.10/turn                (no ring)
MPRegen 0.13/turn                (no ring)

@: heavily drained, very slow
A: large, unfitting armour, claws 3, regeneration 1, shaggy fur 1, tough skin 1
a: Renounce Religion, Bend Time, Temporal Distortion, Slouch, Step From Time


You were in the Dungeon.
You worshipped Cheibriados.
Cheibriados was extremely pleased with you.
You visited 1 branch

Inventory:

Armour
 a - a +0 robe (worn)
Scrolls
 g - a scroll of blinking
 i - 5 scrolls of amnesia
 j - a scroll of summoning
Potions
 b - 5 potions of magic
 c - 6 potions of curing
 d - 5 potions of heal wounds
 e - a potion of haste
 f - 2 potions of berserk rage
 h - 2 potions of invisibility


   Skills:
 + Level 5.3 Fighting
 - Level 1.6 Dodging
 - Level 1.0 Stealth
 + Level 6.4 Unarmed Combat
 + Level 4.3 Spellcasting
 + Level 4.9 Transmutations
 + Level 6.7 Earth Magic
 + Level 5.8 Invocations


You had 13 spell levels left.
You knew the following spells:

 Your Spells              Type           Power      Damage    Failure   Level
a - Sandblast             Erth           78%        2d17      1%          1

Your spell library contained the following spells:

 Spells                   Type           Power      Damage    Failure   Level
 Passwall                 Tmut/Erth      28%        N/A       1%          2
 Stone Arrow              Conj/Erth      44%        3d9       7%          3
 Petrify                  Tmut/Erth      34%        N/A       8%          4


Dungeon Overview and Level Annotations

Branches:
Dungeon (1/1)

Altars:
Ashenzari
Cheibriados
Dithmenos
Elyvilon
Fedhas
Gozag
Hepliaklqana
Kikubaaqudgha
Makhleb
Nemelex Xobeh
Okawaru
Qazlal
Ru
Sif Muna
Trog
Uskayaw
Vehumet
Wu Jian
Xom
Yredelemnul
Zin
The Shining One
Jiyva
Lugonu


Innate Abilities, Weirdness & Mutations

You are too large for most types of armour.
You have claws for hands.
Your natural rate of healing is unusually fast.
You are covered in fur. (AC +1)
You have tough skin. (AC +1)


Message History

You claw the crimson imp!
You kill the crimson imp!
Cheibriados appreciates the change of pace.
Your life force feels restored.
You scratch the wight but do no damage. The wight closely misses you.
You scratch the wight but do no damage.
The wight hits you with a +0 great sword!
You feel drained.
You scratch the wight.
The wight is lightly damaged.
The wight hits you with a +0 great sword.
You feel drained.
You are too injured to fight recklessly!
You are too injured to fight recklessly!
You are too injured to fight recklessly!
You scratch the wight but do no damage.
The wight is lightly damaged.
The wight barely misses you.
You scratch the wight but do no damage.
The wight is lightly damaged.
The wight hits you with a +0 great sword.
You feel drained.
You scratch the wight but do no damage.
The wight is lightly damaged.
The wight barely misses you.
You closely miss the wight.
The wight is lightly damaged.
You closely miss the wight.
The wight is lightly damaged.
The wight closely misses you.
You scratch the wight. Your claw misses the wight.
The wight is moderately damaged.
The wight hits you with a +0 great sword!
* * * LOW HITPOINT WARNING * * *
You feel drained.
* * * LOW HITPOINT WARNING * * *
You scratch the wight but do no damage. Your claw misses the wight.
The wight is moderately damaged.
The wight hits you with a +0 great sword!!
You die...

#.#..'..)..#####'###
#.##'####รท###.......
#.#....))..##.......
#.#........##.......
#.#####'#####...<...
#.#...)))[.##.......
#.#...)))[.##.......
#'###########.......
#))@))..# ########
#..#z#..# #)##)# #
#.. .. #.# .## #.. .#
#.. .. ### ##


You could see a wight.

Vanquished Creatures
  A floating eye (D)
  An orc warrior (D)
  An ice beast (D)
  A black bear (D)
  A bullfrog (D)
  3 wights (D)
  A crimson imp (D)
  2 orc wizards (D)
  A gnoll (D)
  An ufetubus (D)
  2 orcs (D)
  A giant cockroach (D)
  A goblin (D)
  2 bats (D)
  A frilled lizard (D)
  A kobold (D)
21 creatures vanquished.

Notes
Turn   | Place    | Note
-------+----------+-------------------------------------------
     0 | D        | rocky1 the Troll Earth Elementalist began the quest for the
                  | Orb.
     0 | D        | Reached XP level 1. HP: 16/16 MP: 1/1
    41 | D        | Found a bloodstained altar of Trog.
    41 | D        | Found a shimmering blue altar of Sif Muna.
    41 | D        | Found a viscous altar of Jiyva.
    41 | D        | Found a hazy altar of Hepliaklqana.
    41 | D        | Found an opulent altar of Gozag.
    42 | D        | Found a glowing golden altar of the Shining One.
    42 | D        | Found a glowing silver altar of Zin.
    42 | D        | Found a basalt altar of Yredelemnul.
    42 | D        | Found a shimmering altar of Xom.
    42 | D        | Found an ornate altar of the Wu Jian Council.
    42 | D        | Found a sacrificial altar of Ru.
    42 | D        | Found a stormy altar of Qazlal.
    42 | D        | Found an iron altar of Okawaru.
    42 | D        | Found a sparkling altar of Nemelex Xobeh.
    42 | D        | Found a burning altar of Makhleb.
    42 | D        | Found a blossoming altar of Fedhas.
    42 | D        | Found a white marble altar of Elyvilon.
    42 | D        | Found a shadowy altar of Dithmenos.
    42 | D        | Found a snail-covered altar of Cheibriados.
    45 | D        | Found a corrupted altar of Lugonu.
    45 | D        | Found a radiant altar of Vehumet.
    46 | D        | Found an ancient bone altar of Kikubaaqudgha.
    46 | D        | Found a hide-covered altar of Uskayaw.
    46 | D        | Found a broken altar of Ashenzari.
    53 | D        | Became a worshipper of Cheibriados the Contemplative
    81 | D        | Reached * piety under Cheibriados
    84 | D        | Reached skill level 1 in Unarmed Combat
    84 | D        | Reached skill level 1 in Transmutations
   197 | D        | Noticed a black bear
   198 | D        | Reached ** piety under Cheibriados
   206 | D        | Killed a black bear
   207 | D        | Reached XP level 2. HP: 6/29 MP: 0/4
   207 | D        | Reached XP level 3. HP: 8/36 MP: 0/5
   207 | D        | Reached XP level 4. HP: 10/44 MP: 0/6
   452 | D        | Noticed a floating eye
   454 | D        | Reached *** piety under Cheibriados
   454 | D        | Paralysed by a floating eye for 2 turns
   459 | D        | Killed a floating eye
   460 | D        | Reached skill level 5 in Earth Magic
   460 | D        | Reached XP level 5. HP: 53/53 MP: 6/8
   486 | D        | Noticed an ice beast
   488 | D        | Reached **** piety under Cheibriados
   491 | D        | Reached ***** piety under Cheibriados
   492 | D        | Reached skill level 5 in Unarmed Combat
   492 | D        | Reached skill level 5 in Invocations
   492 | D        | Reached XP level 6. HP: 56/63 MP: 3/10
   492 | D        | Killed an ice beast
   558 | D        | Noticed an orc warrior
   563 | D        | Reached skill level 5 in Fighting
   563 | D        | Reached XP level 7. HP: 57/72 MP: 12/12
   584 | D        | Slain by a wight

Illustrated notes

Levels and vault maps discovered:
D:        pitsprint [storerooms_1, entrance_room_1, metal_vault_4, armoury_2,
          mini_pit_1, grid_room_1, main_hall_1, silver_pit, the_coven_1,
          the_vestibule_1, steel_vault_5, golden_pit, hallway_of_sentries,
          crystal_vault_6, iron_vault_1, final_vault]

Skill      XL: |  1  2  3  4  5  6 |
---------------+-------------------+-----
Unarmed Combat | 3 4 5 6 |  6.4
Transmutations | 2 3 4 |  4.9
Earth Magic    | 4 5 6 |  6.7
Fighting       | 2 3 4 5 |  5.3
Spellcasting   | 2 3 4 |  4.3
Invocations    | 2 4 5 |  5.8
Dodging        | |  1.6
Stealth        | |  1.0

Action                   |  1- 3 |  4- 6 |  7- 9 || total
-------------------------+-------+-------+-------++-------
Melee: Unarmed           |    14 |    15 |    21 ||    50
       Punch             |     1 |       |       ||     1
 Cast: Sandblast         |     3 |       |       ||     3
Invok: Slouch            |       |     1 |     1 ||     2
  Use: Potion            |     2 |       |       ||     2
 Stab: Sleeping          |     1 |     1 |       ||     2
Armor: Robe              |     8 |     3 |     2 ||    13
Dodge: Dodged            |    12 |     7 |    14 ||    33

Table legend: (Time is in decaauts)
 A = Elapsed time spent in this place.
 B = Non-inter-level travel time spent in this place.
 C = Inter-level travel time spent in this place.
 D = Time resting spent in this place.
 E = Time spent auto-exploring this place.
 F = Levels seen in this place.
 G = Mean time per level.
                   A        B        C        D        E       F      G
               +--------+--------+--------+--------+--------+-----+--------+
         Total |    627 |    615 |     12 |    405 |      0 |   1 |  627.0 |
       Dungeon |    627 |    615 |     12 |    405 |      0 |   1 |  627.0 |
               +--------+--------+--------+--------+--------+-----+--------+

Top non-repeatable levels by time:
       D: 627 daAuts
